| TOP OF THE 1ST |
|
Mobile BayBears batting - Pitching for Jacksonville Suns : RHP Jorge Lara
|
|
Pitching: RHP Jorge Lara
|
|
|
Batting: RHB Carlos Ballesteros
|
0-0: Ball 1-0: Called Strike 1-1: Called Strike 1-2: Ball 2-2: SINGLE (Flyball, 7S, EV 91.9 MPH)
|
|
Batting: LHB Koson Hirai
|
0-0: Called Strike 0-1: Ball 1-1: Called Strike 1-2: Strikes out swinging
|
|
Batting: LHB Soo-yeon Kym
|
0-0: Called Strike 0-1: Foul Ball, location: 2F 0-2: Strikes out looking
|
|
Batting: RHB Josh Burrows
|
0-0: SINGLE (Groundball, 56S, EV 66.2 MPH) (infield hit) Carlos Ballesteros to second
|
|
Batting: RHB Chris Bittner
|
0-0: DOUBLE (Line Drive, 7LM, EV 106.2 MPH) Carlos Ballesteros scores Josh Burrows to third Runner from 3rd tries for Home, SAFE, throw by LF to trailing runner, OUT at third! 7-3-5
|
| Top of the 1st over - 2 runs, 3 hits, 0 errors, 0 left on base; Mobile 2 - Jacksonville 0 |
| BOTTOM OF THE 1ST |
|
Jacksonville Suns batting - Pitching for Mobile BayBears : RHP Sipi Mäkitie
|
|
Pitching: RHP Sipi Mäkitie
|
|
|
Batting: LHB Orlando Rivera
|
0-0: Called Strike 0-1: Ball 1-1: Foul Ball, location: 2F 1-2: Ball 2-2: Ball 3-2: Ground out 4-3 (Groundball, 4, EV 87.5 MPH)
|
|
Batting: RHB Miguel Velasco
|
0-0: Ball 1-0: SINGLE (Line Drive, 78M, EV 88.8 MPH)
|
|
Batting: LHB Matt McKeon
|
0-0: Called Strike 0-1: Ball 1-1: Ball 2-1: DOUBLE (Line Drive, 5D, EV 98.8 MPH) Miguel Velasco to third Runner from 3rd tries for Home, throw by LF and OUT! 7-6-2
|
|
Batting: RHB Akira Suzuki
|
0-0: Called Strike 0-1: Ball 1-1: Ground out 5-3 (Groundball, 56, EV 85.6 MPH)
|
| Bottom of the 1st over - 0 runs, 2 hits, 0 errors, 1 left on base; Mobile 2 - Jacksonville 0 |
| TOP OF THE 2ND |
|
Mobile BayBears batting - Pitching for Jacksonville Suns : RHP Jorge Lara
|
|
Batting: RHB Franklin Villanueva
|
0-0: Ball 1-0: SINGLE (Groundball, 6S, EV 70.6 MPH) (infield hit)
|
|
Batting: RHB Paul Schreiber
|
0-0: Ball 1-0: Swinging Strike 1-1: Fly out, F9 (Flyball, 9S, EV 89.4 MPH)
|
|
Batting: RHB Jeremy Adams
|
0-0: Grounds into double play, 6-4-3 (Groundball, 6, EV 76.2 MPH)
|
| Top of the 2nd over - 0 runs, 1 hit, 0 errors, 0 left on base; Mobile 2 - Jacksonville 0 |
| BOTTOM OF THE 2ND |
|
Jacksonville Suns batting - Pitching for Mobile BayBears : RHP Sipi Mäkitie
|
|
Batting: LHB Dong-u Chang
|
0-0: Swinging Strike 0-1: Swinging Strike 0-2: Ball 1-2: Ball 2-2: Strikes out looking
|
|
Batting: SHB Matt Moore
|
0-0: Ball 1-0: Swinging Strike 1-1: Foul Ball, location: 2F 1-2: SOLO HOME RUN (Flyball, 89XD, EV 103.8 MPH), Distance : 407 ft
|
|
Batting: RHB Tom Thompson
|
0-0: Called Strike 0-1: Ball 1-1: Ball 2-1: Foul Ball, location: 2F 2-2: Foul Ball, location: 2F 2-2: Strikes out swinging
|
|
Batting: RHB Alberto Bravo
|
0-0: Called Strike 0-1: Ball 1-1: Ball 2-1: Ground out 5-3 (Groundball, 5, EV 85.0 MPH)
|
| Bottom of the 2nd over - 1 run, 1 hit, 0 errors, 0 left on base; Mobile 2 - Jacksonville 1 |
| TOP OF THE 3RD |
|
Mobile BayBears batting - Pitching for Jacksonville Suns : RHP Jorge Lara
|
|
Batting: RHB Yasuo Nakata
|
0-0: Ground out U3 (Groundball, 34, EV 94.4 MPH)
|
|
Batting: RHB Carlos Ballesteros
|
0-0: SINGLE (Groundball, 6M, EV 91.2 MPH) (infield hit)
|
|
Batting: LHB Koson Hirai
|
0-0: Ball 1-0: Ball 2-0: Fielders Choice at 2nd, 3-6 (Groundball, 3, EV 92.5 MPH)
|
|
Batting: LHB Soo-yeon Kym
|
0-0: Ball 1-0: Ground out 4-3 (Groundball, 13, EV 85.6 MPH)
|
| Top of the 3rd over - 0 runs, 1 hit, 0 errors, 1 left on base; Mobile 2 - Jacksonville 1 |
| BOTTOM OF THE 3RD |
|
Jacksonville Suns batting - Pitching for Mobile BayBears : RHP Sipi Mäkitie
|
|
Batting: LHB Emilio Cordero
|
0-0: Ball 1-0: Ground out 4-3 (Groundball, 4, EV 96.9 MPH)
|
|
Batting: LHB Orlando Rivera
|
0-0: Ball 1-0: Called Strike 1-1: Ball 2-1: Swinging Strike 2-2: Foul Ball, location: 2F 2-2: Foul Ball, location: 2F 2-2: Strikes out swinging
|
|
Batting: RHB Miguel Velasco
|
0-0: Called Strike 0-1: Foul Ball, location: 2F 0-2: Ground out 6-3 (Groundball, 6, EV 78.1 MPH)
|
| Bottom of the 3rd over - 0 runs, 0 hits, 0 errors, 0 left on base; Mobile 2 - Jacksonville 1 |
| TOP OF THE 4TH |
|
Mobile BayBears batting - Pitching for Jacksonville Suns : RHP Jorge Lara
|
|
Batting: RHB Josh Burrows
|
0-0: Ball 1-0: Swinging Strike 1-1: Called Strike 1-2: Foul Ball, location: 2F 1-2: Fly out, F8 (Flyball, 8LM, EV 92.5 MPH)
|
|
Batting: RHB Chris Bittner
|
0-0: Called Strike 0-1: Ball 1-1: Called Strike 1-2: Ball 2-2: Foul Ball, location: 2F 2-2: Foul Ball, location: 2F 2-2: Foul Ball, location: 2F 2-2: Foul Ball, location: 2F 2-2: Foul Ball, location: 2F 2-2: Strikes out swinging
|
|
Batting: RHB Franklin Villanueva
|
0-0: Called Strike 0-1: Swinging Strike 0-2: Ball 1-2: Foul Ball, location: 2F 1-2: Foul Ball, location: 2F 1-2: Strikes out looking
|
| Top of the 4th over - 0 runs, 0 hits, 0 errors, 0 left on base; Mobile 2 - Jacksonville 1 |
| BOTTOM OF THE 4TH |
|
Jacksonville Suns batting - Pitching for Mobile BayBears : RHP Sipi Mäkitie
|
|
Batting: LHB Matt McKeon
|
0-0: Called Strike 0-1: Fly out, F7 (Flyball, 78S, EV 85.0 MPH)
|
|
Batting: RHB Akira Suzuki
|
0-0: Ball 1-0: Foul Ball, location: 2F 1-1: Ground out U3 (Groundball, 3, EV 86.9 MPH)
|
|
Batting: LHB Dong-u Chang
|
0-0: Ball 1-0: Swinging Strike 1-1: Fly out, F8 (Line Drive, 8RS, EV 88.1 MPH)
|
| Bottom of the 4th over - 0 runs, 0 hits, 0 errors, 0 left on base; Mobile 2 - Jacksonville 1 |
| TOP OF THE 5TH |
|
Mobile BayBears batting - Pitching for Jacksonville Suns : RHP Jorge Lara
|
|
Batting: RHB Paul Schreiber
|
0-0: Called Strike 0-1: Fly out, F4 (Popup, 4, EV 60.6 MPH)
|
|
Batting: RHB Jeremy Adams
|
0-0: Called Strike 0-1: Ball 1-1: Called Strike 1-2: Ground out 6-3 (Groundball, 6, EV 97.5 MPH)
|
|
Batting: RHB Yasuo Nakata
|
0-0: SINGLE (Groundball, 56D, EV 98.8 MPH)
|
|
Batting: RHB Carlos Ballesteros
|
0-0: Foul Ball, location: 2F 0-1: Ball 1-1: Foul Ball, location: 2F 1-2: Hit by Pitch Yasuo Nakata to second
|
|
Batting: LHB Koson Hirai
|
0-0: Ball 1-0: Ball 2-0: Foul Ball, location: 2F 2-1: Ball 3-1: Fielders Choice at 2nd, U4 (Groundball, 4M, EV 83.1 MPH)
|
| Top of the 5th over - 0 runs, 1 hit, 0 errors, 2 left on base; Mobile 2 - Jacksonville 1 |
| BOTTOM OF THE 5TH |
|
Jacksonville Suns batting - Pitching for Mobile BayBears : RHP Sipi Mäkitie
|
|
Batting: SHB Matt Moore
|
0-0: Ball 1-0: Ball 2-0: Called Strike 2-1: Swinging Strike 2-2: Strikes out looking
|
|
Batting: RHB Tom Thompson
|
0-0: Ground out U3 (Groundball, 34, EV 103.1 MPH)
|
|
Batting: RHB Alberto Bravo
|
0-0: Ball 1-0: Ground out 6-3 (Groundball, 6, EV 85.6 MPH)
|
| Bottom of the 5th over - 0 runs, 0 hits, 0 errors, 0 left on base; Mobile 2 - Jacksonville 1 |
| TOP OF THE 6TH |
|
Mobile BayBears batting - Pitching for Jacksonville Suns : RHP Jorge Lara
|
|
Batting: LHB Soo-yeon Kym
|
0-0: Ball 1-0: Ball 2-0: Ground out 6-3 (Groundball, 6M, EV 98.8 MPH)
|
|
Batting: RHB Josh Burrows
|
0-0: Ball 1-0: Called Strike 1-1: Ball 2-1: Swinging Strike 2-2: Fly out, F9 (Flyball, 89XD, EV 106.9 MPH)
|
|
Batting: RHB Chris Bittner
|
0-0: Foul Ball, location: 2F 0-1: Swinging Strike 0-2: Ball 1-2: Strikes out swinging
|
| Top of the 6th over - 0 runs, 0 hits, 0 errors, 0 left on base; Mobile 2 - Jacksonville 1 |
| BOTTOM OF THE 6TH |
|
Jacksonville Suns batting - Pitching for Mobile BayBears : RHP Sipi Mäkitie
|
|
Batting: LHB Emilio Cordero
|
0-0: Ball 1-0: Ground out U3 (Groundball, 34, EV 91.9 MPH)
|
|
Batting: LHB Orlando Rivera
|
0-0: Foul Ball, location: 2F 0-1: Ball 1-1: Ground out 3-1 (Groundball, 34, EV 85.6 MPH)
|
|
Batting: RHB Miguel Velasco
|
0-0: Ball 1-0: Ball 2-0: Called Strike 2-1: Swinging Strike 2-2: Fly out, F4 (Popup, 3S, EV 80.6 MPH)
|
| Bottom of the 6th over - 0 runs, 0 hits, 0 errors, 0 left on base; Mobile 2 - Jacksonville 1 |
| TOP OF THE 7TH |
|
Mobile BayBears batting - Pitching for Jacksonville Suns : RHP Jorge Lara
|
|
Batting: RHB Franklin Villanueva
|
0-0: Ball 1-0: Foul Ball, location: 2F 1-1: Foul Ball, location: 2F 1-2: Strikes out swinging
|
|
Batting: RHB Paul Schreiber
|
0-0: Swinging Strike 0-1: Ball 1-1: Ball 2-1: Ball 3-1: Ground out 6-3 (Groundball, 6, EV 87.5 MPH)
|
|
Batting: RHB Jeremy Adams
|
0-0: Ground out 6-3 (Groundball, 6, EV 99.4 MPH)
|
| Top of the 7th over - 0 runs, 0 hits, 0 errors, 0 left on base; Mobile 2 - Jacksonville 1 |
| BOTTOM OF THE 7TH |
|
Jacksonville Suns batting - Pitching for Mobile BayBears : RHP Sipi Mäkitie
|
|
Batting: LHB Matt McKeon
|
0-0: Ball 1-0: Ball 2-0: Foul Ball, location: 2F 2-1: Fly out, F8 (Flyball, 8RXD, EV 97.5 MPH)
|
|
Batting: RHB Akira Suzuki
|
0-0: Ball 1-0: Called Strike 1-1: SINGLE (Line Drive, 4D, EV 95.0 MPH)
|
|
Batting: LHB Dong-u Chang
|
0-0: Ball 1-0: Ball 2-0: Swinging Strike 2-1: Swinging Strike 2-2: Foul Ball, location: 2F 2-2: Ball 3-2: SINGLE (Groundball, 6M, EV 103.1 MPH) (infield hit) Akira Suzuki to second
|
|
Batting: SHB Matt Moore
|
0-0: Fly out, F8 (Flyball, 8LD, EV 96.2 MPH) Runner from 2nd tags up, SAFE at 3rd with throw by CF
|
|
Batting: RHB Tom Thompson
|
0-0: Called Strike 0-1: Fly out, F8 (Flyball, 78XD, EV 104.4 MPH)
|
| Bottom of the 7th over - 0 runs, 2 hits, 0 errors, 2 left on base; Mobile 2 - Jacksonville 1 |
| TOP OF THE 8TH |
|
Mobile BayBears batting - Pitching for Jacksonville Suns : RHP Jorge Lara
|
|
Batting: RHB Yasuo Nakata
|
0-0: Called Strike 0-1: Swinging Strike 0-2: Fly out, F7 (Flyball, 7S, EV 87.5 MPH)
|
|
Batting: RHB Carlos Ballesteros
|
0-0: Called Strike 0-1: Foul Ball, location: 2F 0-2: Ball 1-2: Foul Ball, location: 2F 1-2: Ball 2-2: Ball 3-2: SINGLE (Line Drive, 7S, EV 93.1 MPH)
|
|
Pitching: LHP Tyler Murders
|
|
|
Batting: LHB Koson Hirai
|
0-0: Ball Carlos Ballesteros steals 2nd base 1-0: TRIPLE (Flyball, 89XD, EV 106.9 MPH) Carlos Ballesteros scores
|
|
Batting: LHB Soo-yeon Kym
|
0-0: Swinging Strike 0-1: Ball 1-1: Called Strike 1-2: Foul Ball, location: 2F 1-2: Ball 2-2: Ball 3-2: Foul Ball, location: 2F 3-2: Ground out 3-1 (Groundball, 3L, EV 80.0 MPH)
|
|
Batting: RHB Josh Burrows
|
0-0: Ball 1-0: Foul Ball, location: 2F 1-1: Ball 2-1: Ball 3-1: Base on Balls
|
|
Batting: RHB Chris Bittner
|
0-0: Called Strike 0-1: Ball 1-1: Fly out, F8 (Line Drive, 89D, EV 90.6 MPH)
|
| Top of the 8th over - 1 run, 2 hits, 0 errors, 2 left on base; Mobile 3 - Jacksonville 1 |
| BOTTOM OF THE 8TH |
|
Jacksonville Suns batting - Pitching for Mobile BayBears : RHP Sipi Mäkitie
|
|
Pinch Hitting: LHB Carlos Mosqueda
|
0-0: Ball 1-0: Ball 2-0: Called Strike 2-1: Foul Ball, location: 2F 2-2: Strikes out swinging
|
|
Batting: LHB Emilio Cordero
|
0-0: Ball 1-0: Swinging Strike 1-1: Foul Ball, location: 2F 1-2: Strikes out looking
|
|
Batting: LHB Orlando Rivera
|
0-0: Called Strike 0-1: Foul Ball, location: 2F 0-2: Ball 1-2: Ball 2-2: Foul Ball, location: 2F 2-2: Foul Ball, location: 2F 2-2: Foul Ball, location: 2F 2-2: Strikes out swinging
|
| Bottom of the 8th over - 0 runs, 0 hits, 0 errors, 0 left on base; Mobile 3 - Jacksonville 1 |
| TOP OF THE 9TH |
|
Mobile BayBears batting - Pitching for Jacksonville Suns : LHP Tyler Murders
|
|
Now at 2B: Len Graham
|
|
|
Now at 3B: Akira Suzuki
|
|
|
Batting: RHB Franklin Villanueva
|
0-0: Called Strike 0-1: Called Strike 0-2: Ball 1-2: Ball 2-2: SINGLE (Groundball, 56S, EV 60.6 MPH) (infield hit)
|
|
Batting: RHB Paul Schreiber
|
0-0: Foul Ball, location: 2F 0-1: Ball 1-1: Foul Ball, location: 2F 1-2: Grounds into double play, 5-4-3 (Groundball, 56S, EV 81.2 MPH)
|
|
Batting: RHB Jeremy Adams
|
0-0: Called Strike 0-1: Ball 1-1: Ball 2-1: Swinging Strike 2-2: Foul Ball, location: 2F 2-2: Strikes out looking
|
| Top of the 9th over - 0 runs, 1 hit, 0 errors, 0 left on base; Mobile 3 - Jacksonville 1 |
| BOTTOM OF THE 9TH |
|
Jacksonville Suns batting - Pitching for Mobile BayBears : RHP Sipi Mäkitie
|
|
Pitching: RHP Edwin Martinez
|
|
|
Now at 1B: T.J. Duvall
|
|
|
Batting: RHB Miguel Velasco
|
0-0: Ball 1-0: Called Strike 1-1: Ball 2-1: DOUBLE (Flyball, 8LXD, EV 102.5 MPH)
|
|
Batting: LHB Matt McKeon
|
0-0: Called Strike 0-1: Ball 1-1: Ball 2-1: Swinging Strike 2-2: Ball 3-2: Base on Balls
|
|
Pinch Runner at 2nd Boof Howell:
|
|
|
Batting: RHB Akira Suzuki
|
0-0: Fly out, F9 (Line Drive, 9S, EV 94.4 MPH)
|
|
Batting: LHB Dong-u Chang
|
0-0: Called Strike 0-1: Foul Ball, location: 2F 0-2: Foul Ball, location: 2F 0-2: Grounds into double play, 6-4-3 (Groundball, 6, EV 104.4 MPH)
|
| Bottom of the 9th over - 0 runs, 1 hit, 0 errors, 1 left on base; Mobile 3 - Jacksonville 1 |
|